Map: Central Protocol

Players

TheMadBomber - Winner!

  • Race: Protoss Protoss
  • League: Platinum

Burt

  • Race: Terran Terran
  • League: Platinum

VOD

Have the link to the VOD?

Description

Time

  • Played on: Dec. 8, 2015, 9:26 p.m.
  • Length: 7:15
Show
View Real Time Build Order
Export as new Build Order

TheMadBomber Protoss - Winner!

Build Orders:  

Get SALT Encoding   

  12  0:01  Probe (Chrono Boost)  
  13  0:12  Probe (Chrono Boost)  
  14  0:25  Pylon  
  14  0:27  Probe (Chrono Boost)  
  15  0:41  Assimilator  
  15  0:43  Probe (Chrono Boost)  
  15  0:46  Gateway  
  16  0:54  Probe (Chrono Boost)  
  18  1:04  Probe (Chrono Boost)  
  18  1:15  Probe (Chrono Boost)  
  19  1:25  Probe (Chrono Boost)  
  20  1:26  Pylon  
  20  1:33  Cybernetics Core  
  20  1:36  Probe (Chrono Boost)  
  20  1:38  Pylon  
  21  1:42  Assimilator  
  21  1:46  Probe (Chrono Boost)  
  22  1:57  Probe (Chrono Boost)  
  23  2:07  Probe (Chrono Boost)  
  23  2:11  Cybernetics Core  
  23  2:14  Warp Gate (Chrono Boost)  
  23  2:15  Stalker (Chrono Boost)  
  25  2:26  Gateway  
  25  2:35  Mothership Core  
  27  2:55  Adept (Chrono Boost)  
  27  2:58  Nexus  
  29  3:07  Pylon  
  29  3:36  Gateway x2  
  29  3:48  Probe  
  30  4:00  Probe  
  31  4:09  Pylon  
  31  4:16  Probe  
  31  4:17  Probe  
  33  4:26  Probe  
  33  4:29  Probe  
  35  4:37  Stalker, Probe, Adept  
  39  4:41  Sentry, Probe  
  39  4:42  Sentry  
  39  4:44  Gateway  
  45  4:47  Probe  
  46  4:53  Probe  
  46  4:57  Pylon  
  43  5:13  Stalker x2  
  43  5:14  Stalker x2  
  51  5:16  Probe  
  51  5:17  Probe  
  53  5:27  Probe  
  53  5:30  Probe  
  53  5:35  Adept  
  57  5:38  Adept x3  
  63  5:47  Pylon  
  63  5:51  Stalker  
  59  6:31  Adept x5  
  65  6:50  Stalker  
  65  6:51  Stalker  
  65  6:52  Stalker x3  
  75  7:12  Assimilator  
Show
View Real Time Build Order
Export as new Build Order

Burt Terran 

Build Orders: Reaper Expand 

Get SALT Encoding   

  12  0:01  SCV  
  13  0:13  SCV  
  14  0:19  Supply Depot  
  14  0:25  SCV  
  15  0:40  SCV  
  15  0:42  Barracks  
  16  0:46  Refinery  
  16  0:55  SCV  
  17  1:07  SCV  
  18  1:19  SCV  
  19  1:32  Command Center  
  19  1:34  Reaper  
  20  1:44  Orbital Command  
  19  2:12  SCV  
  20  2:22  Refinery  
  20  2:24  SCV  
  20  2:26  Factory  
  21  2:35  Barracks Reactor  
  21  2:36  SCV  
  22  2:56  SCV  
  23  3:02  Supply Depot  
  23  3:05  Orbital Command  
  23  3:12  SCV  
  24  3:16  Factory Tech Lab  
  24  3:21  Marine  
  24  3:22  Marine  
  24  3:25  SCV  
  27  3:32  Command Center  
  27  3:37  SCV  
  27  3:39  Cyclone  
  31  3:42  Mag-Field Accelerator  
  32  3:50  SCV  
  32  3:51  Orbital Command  
  32  3:56  Marine x2  
  32  4:01  Starport  
  34  4:08  SCV  
  35  4:17  Marine x2  
  35  4:22  SCV x2  
  38  4:34  SCV x2  
  40  4:45  Cyclone, Marine x2  
  43  4:46  SCV x2  
  43  4:48  Starport Tech Lab  
  47  4:52  Armory  
  47  4:54  Supply Depot  
  47  4:58  SCV  
  48  5:10  Marine x2  
  50  5:17  Siege Tank  
  53  5:28  Bunker, Marine x2  
  53  5:32  SCV x2, Bunker  
  57  5:42  Refinery  
  57  5:45  Supply Depot  
  57  5:46  Raven  
  57  5:47  SCV  
  60  5:51  SCV  
  60  5:54  Refinery  
  60  5:55  Supply Depot  
  60  6:18  Marine x2  
  51  6:32  Hellion  
  45  6:35  Marine  
  45  6:36  Marine  
  30  6:50  Orbital Command  
  30  6:53  Marine  
  32  6:55  SCV  
  32  6:56  SCV  
Tags
 
Add a new tag
Caveats
  • Supply blocks, unpowered buildings, or Contaminate may cause inaccurate times.
  • Supply counts are checked every 10 seconds.